 Dungeon Crawl Stone Soup version 0.20.1-1-g8b1a95d (webtiles) character file.

3745 LiquoriceLizzard the Basher (level 10, -7/60 HPs)
             Began as a Gargoyle Fighter on Nov 11, 2017.
             Mangled by an orc warlord
             ... wielding a +3 dire flail
              (19 damage)
             ... in a bailey on Nov 12, 2017.
             The game lasted 01:16:39 (6296 turns).

LiquoriceLizzard the Basher (Gargoyle Fighter)      Turns: 6296, Time: 01:16:40

Health: -7/60      AC: 22    Str: 21    XL:     10   Next: 15%
Magic:  11/11      EV: 10    Int:  8    God:
Gold:   397        SH: 15    Dex: 16    Spells: 9/9 levels left

rFire    . . .     SeeInvis .   a - +1 flail
rCold    . . .     Gourm    .   c - +0 shield
rNeg     + . .     Faith    .   G - +2 scale mail {MR+}
rPois    ∞         Spirit   .   E - +0 helmet (curse)
rElec    +         Reflect  +   (no cloak)
rCorr    .         Harm     .   (no gloves)
MR       +....                  (no boots)
Stlth    +.........             v - +4 amulet of reflection
Regen    0.2/turn               m - +4 ring of dexterity
MPRegen  0.2/turn               J - +4 ring of protection

@: no status effects
A: negative energy resistance 1, electricity resistance, unbreathing,
petrification resistance, rot immunity, AC +7
a: no special abilities


You were in a bailey.
You were not hungry.

You visited 1 branch of the dungeon, and saw 7 of its levels.
You also visited: Sewer and Bailey.

You collected 397 gold pieces.

Inventory:

Hand Weapons
 a - a +1 flail (weapon)
 t - a cursed +0 war axe
 F - a +4 hand axe
Armour
 c - a +0 shield (worn)
 i - a +0 troll leather armour {Purgy}
 A - a +0 scale mail
 C - a +2 ring mail of positive energy
 E - a cursed +0 helmet (worn)
 G - a +2 scale mail of magic resistance (worn)
Jewellery
 b - an uncursed ring of protection from magic
 m - a +4 ring of dexterity (left hand)
 p - an uncursed amulet of the gourmand
 v - a +4 amulet of reflection (around neck)
 H - an uncursed ring of positive energy
 J - a +4 ring of protection (right hand)
Wands
 d - a wand of flame (0/48)
 B - a wand of iceblast (2/15)
 I - a wand of enslavement (1/24)
Scrolls
 e - 8 scrolls of teleportation
 h - a scroll of enchant weapon
 j - 2 scrolls of fear
 o - 8 scrolls of identify
 q - 2 scrolls of amnesia
 u - 2 scrolls of recharging {unknown}
 w - 2 scrolls of blinking {unknown}
 y - 3 scrolls of remove curse
Potions
 l - 2 potions of brilliance
 z - 2 potions of flight
Comestibles
 f - 3 bread rations
 g - 4 royal jellies
 k - 3 chunks of flesh
 s - 8 fruits
 x - a meat ration


   Skills:
 + Level 6.0 Fighting
 + Level 9.2 Maces & Flails
 * Level 6.9 Armour
 + Level 3.0 Dodging
 + Level 2.0 Stealth
 + Level 8.3 Shields
 + Level 1.5 Evocations


You had 9 spell levels left.
You didn't know any spells.

Dungeon Overview and Level Annotations

Branches:
Dungeon (7/15)             Temple (0/1) D:7

Altars:
Sif Muna
Xom

Shops:
D:6 ?

Annotations:
D:6 exclusion: oklob plant, Prince Ribbit Bailey KrisztiCat's ghost, novice MiBe


Innate Abilities, Weirdness & Mutations

You are resistant to torment.
Your stone body is resilient. (AC +7)
You are immune to poison.
You resist negative energy. (rN+)
You are resistant to electric shocks. (rElec)
You can survive without breathing.
You are immune to petrification.
You are immune to rotting.


Message History

Your shield and scale mail prevent you from hitting the orc warlord.
The orc warlord is moderately wounded.
The orc warlord hits you with an enchanted dire flail!!
* * * LOW HITPOINT WARNING * * *
You hit the orc warlord.
The orc warlord is heavily wounded.
The orc warlord hits you with an enchanted dire flail!
* * * LOW HITPOINT WARNING * * *
You feel better. You block the orc warlord's attack.
Drop what? 33/52 slots (_ for help) (? for menu, Esc to quit)
Okay, then.
Okay, then.
You hit the orc warlord.
The orc warlord is heavily wounded.
You block the orc warlord's attack.
Unknown command.
You hit the orc warlord but do no damage.
The orc warlord is heavily wounded.
The orc warlord hits you with an enchanted dire flail!!
You die...

..#...........'.....⌠....∩#
..#...........#8..........#
..#....g.....##8..........#
.###:..o.....###.........##
##.###.o..)###.###.....###
.....###.###.....#'#.###
.......###.........###
........#.......o...#
........#.....).@...#
..⌠.....#....)⌠.....#
........'...........#
........#...........#
.......###.....))).##
.....### ###...).### ##.###
###.### ### ###


You could see an orc warlord.

Vanquished Creatures
  2 orc knights (Bailey)
  Joseph (D:7)
  Sigmund (D:5)
  Duvessa (D:5)
  11 orc warriors (Bailey)
  Purgy (Sewer)
  A phantom (D:6)
  2 centaurs
  A bullfrog (D:6)
  Blork the orc (D:6)
  Dowan (D:5)
  2 scorpions
  The ghost of ThereIsNoGod the Ruffian, a weakling TrFi (D:4)
  A crimson imp (D:7)
  3 orc wizards
  A hound (D:5)
  4 orc priests
  Terence (D:3)
  Jessica (D:3)
  Natasha (thrice) (D:2)
  2 worker ants (D:6)
  7 gnolls
  An adder (D:2)
  An ooze (D:5)
  An adder zombie (D:5)
  A dart slug (D:2)
  6 leopard geckos
  29 orcs
  4 ball pythons
  5 giant cockroaches
  27 goblins
  15 hobgoblins
  3 quokkas
  5 bats
  8 frilled lizards
  5 kobolds
  A quokka skeleton (D:6)
  3 rats
164 creatures vanquished.

Vanquished Creatures (others)
  2 orc warriors (Bailey)
  A goblin (Bailey)
3 creatures vanquished.

Grand Total: 167 creatures vanquished

Notes
Turn   | Place    | Note
-------+----------+-------------------------------------------
     0 | D:1      | LiquoriceLizzard the Gargoyle Fighter began the quest for the Orb.
     0 | D:1      | Reached XP level 1. HP: 14/14 MP: 1/1
   215 | D:1      | Reached XP level 2. HP: 15/19 MP: 2/2
   647 | D:1      | Reached XP level 3. HP: 20/23 MP: 3/3
  1295 | D:2      | Noticed Natasha
  1311 | D:2      | Killed Natasha
  1311 | D:2      | Reached XP level 4. HP: 19/28 MP: 4/4
  1455 | D:2      | Noticed Natasha
  1477 | D:2      | Killed Natasha
  1489 | D:2      | Noticed Natasha
  1507 | D:2      | Killed Natasha
  1532 | D:2      | Reached XP level 5. HP: 14/33 MP: 5/5
  1647 | D:2      | Reached skill level 3 in Maces & Flails
  2011 | D:3      | Found a glowing drain.
  2015 | Sewer    | Entered a sewer
  2103 | Sewer    | Noticed Purgy
  2134 | Sewer    | Killed Purgy
  2134 | Sewer    | Reached skill level 1 in Dodging
  2134 | Sewer    | Reached XP level 6. HP: 14/38 MP: 6/6
  2345 | D:3      | Noticed Terence
  2638 | D:3      | Noticed Jessica
  2644 | D:3      | Killed Jessica
  2692 | D:3      | Killed Terence
  2692 | D:3      | Reached skill level 1 in Stealth
  3003 | D:4      | Noticed ThereIsNoGod's ghost (weakling TrFi)
  3029 | D:4      | Killed ThereIsNoGod's ghost
  3315 | D:4      | Reached skill level 5 in Armour
  3321 | D:4      | Reached skill level 4 in Maces & Flails
  3321 | D:4      | Reached XP level 7. HP: 40/44 MP: 7/7
  3413 | D:5      | Entered Level 5 of the Dungeon
  3416 | D:5      | Noticed Sigmund
  3488 | D:5      | Reached skill level 5 in Shields
  3567 | D:5      | Reached skill level 1 in Evocations
  3602 | D:5      | Found a deep blue altar of Sif Muna.
  3965 | D:5      | Noticed Duvessa
  3965 | D:5      | Noticed Dowan
  3983 | D:5      | Killed Duvessa
  3983 | D:5      | Reached skill level 5 in Maces & Flails
  3989 | D:5      | Killed Dowan
  3989 | D:5      | Reached XP level 8. HP: 21/48 MP: 8/8
  4039 | D:5      | Killed Sigmund
  4209 | D:6      | Found Agudit's Magic Scroll Shoppe.
  4376 | D:6      | Reached skill level 6 in Maces & Flails
  4501 | D:6      | Noticed Blork the orc
  4512 | D:6      | Killed Blork the orc
  4512 | D:6      | Reached skill level 5 in Fighting
  4548 | D:6      | Noticed Prince Ribbit
  4631 | D:6      | Noticed an oklob plant
  4668 | D:6      | Found a shimmering altar of Xom.
  4912 | D:7      | Noticed Joseph
  4913 | D:7      | Found a flagged portal.
  4935 | D:7      | Killed Joseph
  4935 | D:7      | Reached skill level 7 in Maces & Flails
  4935 | D:7      | Reached XP level 9. HP: 54/54 MP: 9/9
  5033 | Bailey   | Entered a bailey
  5303 | Bailey   | Noticed an orc knight
  5349 | Bailey   | Killed an orc knight
  5349 | Bailey   | Reached skill level 8 in Maces & Flails
  5471 | Bailey   | Noticed KrisztiCat's ghost (novice MiBe)
  5812 | Bailey   | Noticed an orc knight
  5847 | Bailey   | Killed an orc knight
  5847 | Bailey   | Reached skill level 9 in Maces & Flails
  5847 | Bailey   | Reached XP level 10. HP: 34/60 MP: 11/11
  5957 | Bailey   | Noticed an orc warlord
  6293 | Bailey   | HP: 1/60 [orc warlord/enchanted dire flail (9)]
  6296 | Bailey   | Mangled by an orc warlord

Skill      XL: |  1  2  3  4  5  6  7  8  9 10 |
---------------+-------------------------------+-----
Armour         | 4 5 6 |  6.9
Shields        | 4 5 6 8 |  8.3
Fighting       | 4 5 6 |  6.0
Maces & Flails | 3 4 5 7 9 |  9.2
Dodging        | 1 2 3 |  3.0
Stealth        | 1 2 |  2.0
Evocations     | 1 |  1.5

Action                   |  1- 3 |  4- 6 |  7- 9 | 10-12 || total
-------------------------+-------+-------+-------+-------++-------
Melee: Flail             |   105 |   195 |   406 |   106 ||   812
Evoke: Wand              |       |     9 |    11 |     2 ||    22
  Use: Potion            |       |     7 |     8 |     3 ||    18
       Scroll            |       |       |     7 |     4 ||    11
 Stab: Invisible         |       |     3 |       |       ||     3
       Distracted        |       |       |     1 |       ||     1
  Eat: Chunk             |     1 |     7 |     9 |     2 ||    19
Armor: Scale mail        |    55 |    91 |    65 |    36 ||   247
       Skin              |       |       |    20 |       ||    20
       Ring mail         |       |       |    27 |       ||    27
Dodge: Dodged            |    29 |    55 |    57 |    34 ||   175
Block: Shield            |    46 |   158 |   233 |    99 ||   536
       Reflection        |       |     2 |     9 |       ||    11
